 Dungeon Crawl Stone Soup version 0.28-a0-1128-gb845255321 (webtiles) character file.

Game seed: 9334425031805532064

69 Gargoyl the Skirmisher (level 4, -4/41 HPs)
             Began as a Gnoll Abyssal Knight on Dec 12, 2021.
             Was a Believer of Lugonu.
             Slain by a kobold brigand (6 damage)
             ... in a sewer.
             The game lasted 00:03:00 (2190 turns).

Gargoyl the Skirmisher (Gnoll Abyssal Knight)       Turns: 2190, Time: 00:03:01

Health: -4/41      AC:  3    Str: 14    XL:     4   Next: 20%
Magic:  7/7        EV: 12    Int: 20    God:    Lugonu [**....]
Gold:   127        SH:  0    Dex: 12    Spells: 5/5 levels left

rFire   . . .      SeeInvis .   d - +8 spear "Pendulum" {venom, *Corrode *Slow rPois Int+10}
rCold   . . .      Faith    .   (no shield)
rNeg    . . .      Spirit   .   b - +0 leather armour
rPois   +          Reflect  .   (no helmet)
rElec   .          Harm     .   (no cloak)
rCorr   .          Rampage  .   (no gloves)
Will    .....                   (no boots)
Stlth   +.........              (no amulet)
HPRegen 0.13/turn               (no ring)
MPRegen 0.10/turn               (no ring)

@: no status effects
A: fangs 1, strong nose, distributed training
a: Renounce Religion, Depart the Abyss, Bend Space


You were in a sewer.
You worshipped Lugonu.
Lugonu was pleased with you.
You visited 1 branch of the dungeon, and saw 3 of its levels.
You visited the Abyss 1 time.
You also visited: Sewer.

You collected 127 gold pieces.

Inventory:

Hand Weapons
 a - a +1 hand axe
 c - the +5 flail "Zegizume" {flame, rF+ Int+3}
   (You found it on level 2 of the Abyss)

   It burns those it strikes, dealing additional fire damage.
   Int:       It affects your intelligence (+3).
   rF:        It protects you from fire.
 d - the +8 spear "Pendulum" (weapon) {venom, *Corrode *Slow rPois Int+10}
   (You found it on level 2 of the Abyss)

   It poisons the flesh of those it strikes.
   Int:       It affects your intelligence (+10).
   rPois:     It protects you from poison.
   *Corrode:  It may corrode you when you take damage.
   *Slow:     It may slow you when you take damage.
Armour
 b - a +0 leather armour (worn)
Jewellery
 f - a ring of ice
 i - an amulet of magic regeneration
Scrolls
 g - 2 scrolls of identify {unknown}
 l - a scroll of enchant weapon {unknown}


   Skills:
 + Level 6.6 Fighting
 + Level 1.0 Short Blades
 + Level 1.0 Long Blades
 + Level 4.6 Axes
 + Level 1.0 Maces & Flails
 + Level 1.0 Polearms
 + Level 1.0 Staves
 + Level 1.0 Slings
 + Level 1.0 Bows
 + Level 1.0 Crossbows
 + Level 1.0 Throwing
 + Level 4.6 Armour
 + Level 2.7 Dodging
 + Level 1.0 Stealth
 + Level 1.0 Shields
 + Level 1.0 Unarmed Combat
 + Level 1.0 Spellcasting
 + Level 0.8 Conjurations
 + Level 0.8 Hexes
 + Level 0.8 Summonings
 + Level 0.8 Necromancy
 + Level 0.8 Translocations
 + Level 0.8 Transmutations
 + Level 0.8 Fire Magic
 + Level 0.8 Ice Magic
 + Level 0.8 Air Magic
 + Level 0.8 Earth Magic
 + Level 0.8 Poison Magic
 + Level 4.6 Invocations
 + Level 1.0 Evocations


You had 5 spell levels left.
You didn't know any spells.
Your spell library contained the following spells:

 Spells                   Type           Power      Damage    Failure   Level
 Foxfire                  Conj/Fire      16%        2x1d4     16%         1
 Conjure Flame            Conj/Fire      4%         6-21      41%         3
 Inner Flame              Hex/Fire       4%         N/A       41%         3
 Flame Wave               Conj/Fire      4%         2d4       83%         4


Dungeon Overview and Level Annotations

Branches:
Dungeon (3/15)              Sewer (1/1)

Altars:


Innate Abilities, Weirdness & Mutations

You have very sharp teeth.
Your uncanny sense of smell can sniff out nearby items.
Your experience applies equally to all skills.


Message History

A nearby plant withers and dies.
Unknown command.
Your leather armour prevents you from hitting the kobold brigand.
The kobold brigand hits you with a +0 whip!
The kobold brigand hits you with a +0 short sword.
* * * LOW HITPOINT WARNING * * *
Unknown command.
You hit the kobold brigand.
The kobold brigand is moderately wounded.
The kobold brigand misses you.
The kobold brigand splashes around in the water.
Unknown command.
You hit the kobold brigand.
The kobold brigand is poisoned.
The kobold brigand is moderately wounded.
The kobold brigand splashes around in the water.
The kobold brigand completely misses you.
Unknown command.
You hit the kobold brigand but do no damage.
The kobold brigand is moderately wounded.
The kobold brigand splashes around in the water. x2
Unknown command.
The kobold brigand hits you with a +0 short sword.
* * * LOW HITPOINT WARNING * * *
Unknown command.
It was a potion of might.
You feel very mighty all of a sudden.
Unknown command.
You puncture the kobold brigand!
The kobold brigand looks as sick as possible!
The kobold brigand is severely wounded.
The kobold brigand hits you with a +0 whip.
* * * LOW HITPOINT WARNING * * *
Unknown command.
It was a potion of cancellation.
Your magical effects are unravelling.
You feel magically purged.
You feel yourself slow down.
You feel a little less mighty now.
You are no longer corroded.
The kobold brigand hits you with a +0 short sword.
You die...

.≈ P≈≈ ∆
≈≈≈################
≈≈≈≈≈≈≈≈≈≈≈≈≈≈≈≈≈≈≈
≈≈≈≈≈≈≈≈≈≈≈≈≈≈≈≈≈≈≈
≈≈≈≈≈≈≈≈≈≈≈≈≈≈≈≈≈≈≈
############≈≈########'##
≈P......@KK≈≈≈P.#!.!.#...
≈.......K.K≈≈≈..'K.∩!#.∩.
...........)....'....#.∩.
P..............P#...?####
..............### ####
..####.....##.# .
##########


You could see 3 kobold brigands and a kobold.

Vanquished Creatures
  An adder (D:2)
  2 dart slugs (D:2)
  An orc (D:2)
  3 ball pythons
  4 bats
  4 endoplasms
  3 giant cockroaches
  8 hobgoblins
  8 jackals (D:1)
  3 kobolds
  2 frilled lizards (D:1)
  3 goblins
  5 rats
47 creatures vanquished.

Vanquished Creatures (others)
  A rat (Sewer)
  2 plants (Sewer)
3 creatures vanquished.

Grand Total: 50 creatures vanquished

Notes
Turn   | Place    | Note
-------+----------+-------------------------------------------
     0 | Abyss:1  | Gargoyl the Gnoll Abyssal Knight began the quest for the
                  | Orb.
     0 | Abyss:1  | Reached XP level 1. HP: 23/23 MP: 3/3
    19 | Abyss:2  | Identified the +5 flail "Zegizume" {flame, rF+ Int+3}
    30 | Abyss:2  | Identified the +8 spear "Pendulum" {venom, *Corrode *Slow
                  | rPois Int+10}
    49 | Abyss:2  | Noticed a tentacled starspawn
    50 | D:1      | Escaped the Abyss
   125 | D:1      | Reached * piety under Lugonu
   179 | D:1      | Reached XP level 2. HP: 27/29 MP: 5/5
   416 | D:1      | Reached XP level 3. HP: 33/35 MP: 6/6
   497 | D:1      | Found a faded altar of an unknown god.
   890 | D:2      | Reached ** piety under Lugonu
   986 | D:2      | Reached skill level 1 in Short Blades
   986 | D:2      | Reached skill level 1 in Long Blades
   986 | D:2      | Reached skill level 1 in Maces & Flails
   986 | D:2      | Reached skill level 1 in Polearms
   986 | D:2      | Reached skill level 1 in Staves
   986 | D:2      | Reached skill level 1 in Slings
   986 | D:2      | Reached skill level 1 in Bows
   986 | D:2      | Reached skill level 1 in Crossbows
   986 | D:2      | Reached skill level 1 in Throwing
   986 | D:2      | Reached skill level 1 in Stealth
   986 | D:2      | Reached skill level 1 in Shields
   986 | D:2      | Reached skill level 1 in Unarmed Combat
   986 | D:2      | Reached skill level 1 in Spellcasting
   986 | D:2      | Reached skill level 1 in Evocations
  1765 | D:2      | Reached XP level 4. HP: 13/41 MP: 7/7
  2121 | D:3      | Found a glowing drain.
  2129 | Sewer    | Entered a sewer
  2163 | Sewer    | Noticed a kobold brigand
  2163 | Sewer    | Noticed a kobold brigand
  2163 | Sewer    | Noticed a kobold brigand
  2189 | Sewer    | HP: 2/41 [kobold brigand (5)]
  2190 | Sewer    | Slain by a kobold brigand

Illustrated notes

Levels and vault maps discovered:
D:1:      wheals_arrival_shading, layout_rooms, basic_ecumenical_altar
D:2:      layout_basic
D:3:      minmay_recursive_quarters, layout_rooms,
          lemuel_coloured_pillars_altar, cheibrodos_sewer_entry_drain
Sewer:    kennysheep_pipe_town

Skill      XL: |  1  2  3 |
---------------+----------+-----
Short Blades   | 1 |  1.0
Long Blades    | 1 |  1.0
Maces & Flails | 1 |  1.0
Polearms       | 1 |  1.0
Staves         | 1 |  1.0
Slings         | 1 |  1.0
Bows           | 1 |  1.0
Crossbows      | 1 |  1.0
Throwing       | 1 |  1.0
Stealth        | 1 |  1.0
Shields        | 1 |  1.0
Unarmed Combat | 1 |  1.0
Spellcasting   | 1 |  1.0
Evocations     | 1 |  1.0
Fighting       | |  6.6
Axes           | |  4.6
Armour         | |  4.6
Dodging        | |  2.7
Conjurations   | |  0.8
Hexes          | |  0.8
Summonings     | |  0.8
Necromancy     | |  0.8
Translocations | |  0.8
Transmutations | |  0.8
Fire Magic     | |  0.8
Ice Magic      | |  0.8
Air Magic      | |  0.8
Earth Magic    | |  0.8
Poison Magic   | |  0.8
Invocations    | |  4.6

Action                   |  1- 3 |  4- 6 || total
-------------------------+-------+-------++-------
Melee: Spear             |    79 |    15 ||    94
       Bite              |     3 |     1 ||     4
Invok: Depart the Abyss  |     1 |       ||     1
       Bend Space        |       |     1 ||     1
  Use: Scroll            |     1 |       ||     1
       Potion            |       |     4 ||     4
 Stab: Sleeping          |     1 |       ||     1
Armor: Leather armour    |    17 |     2 ||    19
Dodge: Dodged            |    73 |     7 ||    80

Table legend: (Time is in decaauts)
 A = Elapsed time spent in this place.
 B = Non-inter-level travel time spent in this place.
 C = Inter-level travel time spent in this place.
 D = Time resting spent in this place.
 E = Time spent auto-exploring this place.
 F = Levels seen in this place.
 G = Mean time per level.
                   A        B        C        D        E       F      G
               +--------+--------+--------+--------+--------+-----+--------+
         Total |   2199 |   2151 |     48 |    341 |   1399 |   6 |  366.5 |
       Dungeon |   2086 |   2038 |     48 |    341 |   1344 |   3 |  695.3 |
         Abyss |     50 |     50 |      0 |      0 |     27 |   2 |   25.0 |
         Sewer |     62 |     62 |      0 |      0 |     27 |   1 |   62.0 |
               +--------+--------+--------+--------+--------+-----+--------+

Top non-repeatable levels by time:
     D:2: 1349 daAuts
     D:1: 713 daAuts
   Sewer: 62 daAuts
 Abyss:2: 40 daAuts
     D:3: 24 daAuts
 Abyss:1: 10 daAuts
